Map: Dusk Towers

Players

CarlyRaeJope

  • Race: Zerg Zerg
  • League: Master

Miszu - Winner!

  • Race: Terran Terran
  • League: Grandmaster

VOD

Have the link to the VOD?

Description

Time

  • Played on: May 18, 2016, 1:21 p.m.
  • Length: 7:03
Show
View Real Time Build Order
Export as new Build Order

CarlyRaeJope Zerg 

Build Orders: Hatch First 

Get SALT Encoding   

  12  0:01  Drone  
  13  0:12  Overlord  
  13  0:23  Overlord  
  13  0:25  Drone  
  14  0:33  Drone  
  14  0:35  Drone  
  16  0:45  Drone  
  17  0:56  Drone  
  18  1:05  Hatchery  
  18  1:07  Drone  
  18  1:15  Extractor  
  18  1:17  Drone  
  18  1:25  Spawning Pool  
  17  1:28  Drone  
  18  1:39  Drone  
  19  1:49  Drone  
  20  1:57  Hatchery  
  19  2:13  Queen  
  21  2:16  Metabolic Boost  
  21  2:19  Zergling x2  
  22  2:26  Queen  
  24  2:34  Drone  
  24  2:35  Drone  
  24  2:36  Drone  
  27  2:39  Drone  
  28  2:45  Spore Crawler  
  27  2:55  Drone  
  27  2:56  Baneling Nest  
  28  3:04  Zergling x2  
  28  3:05  Zergling x4  
  31  3:08  Zergling x4  
  33  3:13  Zergling x2  
  33  3:14  Zergling x2  
  33  3:19  Overlord  
  35  3:23  Zergling x4  
  37  3:30  Zergling x4  
  39  3:36  Zergling x4  
  41  3:44  Zergling x6  
  44  3:49  Baneling x6  
  44  3:54  Zergling x4  
  46  3:58  Zergling x2  
  46  4:01  Zergling x2  
  48  4:14  Zergling x10  
  48  4:19  Zergling x2  
  48  4:20  Zergling x2  
  42  4:27  Drone  
  42  4:28  Drone x3  
  43  4:36  Drone x2  
  43  4:38  Pneumatized Carapace  
  45  4:44  Drone  
  45  4:45  Drone  
  46  4:46  Drone  
  46  4:49  Drone  
  48  5:08  Overlord, Queen, Evolution Chamber  
  48  5:11  Spore Crawler  
  48  5:13  Queen  
  48  5:14  Spore Crawler  
  49  5:17  Spore Crawler  
  48  5:23  Lair  
  48  5:24  Drone  
  48  5:28  Drone x2  
  51  5:37  Drone x4  
  55  5:45  Drone x2  
  57  5:50  Overlord  
  57  5:55  Extractor  
  57  5:56  Extractor x2  
  53  6:01  Zergling x8  
  57  6:07  Queen  
  57  6:08  Overlord  
  57  6:09  Zergling x4, Drone  
  57  6:10  Drone  
  63  6:13  Drone x2  
  65  6:20  Spore Crawler  
  65  6:21  Zergling x2  
  65  6:23  Zergling x2  
  65  6:24  Zergling x4  
  57  6:26  Zergling x2  
  51  6:33  Zergling x2  
  51  6:39  Zergling x2  
Show
View Real Time Build Order
Export as new Build Order

Miszu Terran - Winner!

Build Orders: Reaper Expand, Hellion Banshee 

Get SALT Encoding   

  12  0:00  SCV  
  13  0:13  SCV  
  14  0:17  Supply Depot  
  14  0:25  SCV  
  15  0:40  Barracks  
  15  0:42  SCV  
  16  0:45  Refinery  
  16  0:54  SCV  
  17  1:06  SCV  
  18  1:19  SCV  
  19  1:29  Reaper  
  19  1:31  Orbital Command  
  20  1:40  Command Center  
  20  1:50  Supply Depot  
  20  1:57  SCV  
  21  2:02  Refinery  
  21  2:03  Marine  
  22  2:09  SCV  
  22  2:14  Factory  
  23  2:21  SCV  
  24  2:26  Barracks Reactor  
  24  2:33  SCV  
  25  2:50  SCV  
  25  2:52  Orbital Command  
  25  3:02  Starport, SCV  
  26  3:09  Barracks Tech Lab  
  26  3:10  Hellion x2  
  30  3:14  SCV  
  30  3:19  SCV  
  32  3:26  SCV  
  33  3:31  Command Center, SCV  
  33  3:33  Supply Depot  
  34  3:38  SCV  
  35  3:43  SCV  
  35  3:46  Barracks Reactor, Banshee  
  39  3:50  SCV  
  39  3:53  Hellion  
  39  3:54  Hellion  
  44  3:57  SCV  
  45  4:02  Refinery, SCV  
  45  4:03  Refinery  
  45  4:09  SCV  
  42  4:30  Liberator  
  42  4:31  Liberator  
  42  4:34  Supply Depot  
  42  4:35  Supply Depot  
  42  4:37  Supply Depot, Hellion, SCV  
  45  4:43  Hellion  
  45  4:44  SCV  
  47  4:50  SCV  
  47  4:51  SCV  
  55  4:59  Hellion  
  57  5:03  SCV x2  
  57  5:04  Barracks Tech Lab  
  57  5:06  Orbital Command  
  59  5:15  SCV x2  
  59  5:17  Hellion, Liberator  
  59  5:20  Liberator  
  59  5:21  Hellion  
  65  5:27  SCV  
  66  5:29  SCV  
  66  5:31  Orbital Command  
  70  5:39  SCV  
  74  5:46  SCV  
  75  5:55  SCV  
  75  5:56  Refinery, SCV  
  77  6:01  SCV  
  77  6:02  Refinery  
  78  6:06  Starport  
  78  6:07  Hellion x2, SCV  
  78  6:08  SCV  
  81  6:12  Orbital Command  
  81  6:14  Armory  
  79  6:20  SCV x2  
  77  6:32  SCV  
  76  6:33  SCV  
  76  6:39  Hellion x2  
  84  6:46  SCV  
  75  6:57  Refinery  
  75  7:00  Refinery  
Tags
 
Add a new tag
Caveats
  • Supply blocks, unpowered buildings, or Contaminate may cause inaccurate times.
  • Supply counts are checked every 10 seconds.